 Dungeon Crawl Stone Soup version 0.28-b1-70-g80dc712255 (webtiles) character file.

Game seed: 2431901779289964433

42 tizbic2 the Insei (level 3, -1/27 HPs)
             Began as a Merfolk Transmuter on Feb 4, 2022.
             Slain by Sigmund (8 damage)
             ... on level 2 of the Dungeon.
             The game lasted 00:09:52 (1646 turns).

tizbic2 the Insei (Merfolk Transmuter)              Turns: 1646, Time: 00:09:53

Health: -1/27      AC:  5    Str: 15    XL:     3   Next: 56%
Magic:  6/6        EV: 12    Int: 14    God:
Gold:   69         SH:  5    Dex: 14    Spells: 4/6 levels left

rFire   . . .      SeeInvis .   f - +0 club
rCold   . . .      Faith    .   (no shield)
rNeg    . . .      Spirit   .   e - +0 leather armour
rPois   .          Reflect  +   b - +0 helmet of the Slightly Bent {Str+5 Stlth+}
rElec   .          Harm     .   d - +0 cloak
rCorr   .          Rampage  .   (no gloves)
Will    .....                   (no boots)
Stlth   ++........              i - amulet of reflection
HPRegen 0.09/turn               (no ring)
MPRegen 0.10/turn               (no ring)

@: no status effects
A: (nimble swimmer 2), mertail
a: no special abilities


You were on level 2 of the Dungeon.
You visited 1 branch of the dungeon, and saw 2 of its levels.

You collected 69 gold pieces.

Inventory:

Hand Weapons
 f - a +0 club (weapon)
Missiles
 j - 4 poisoned darts
Armour
 b - the +0 helmet of the Slightly Bent (worn) {Str+5 Stlth+}
   (You acquired it on level 2 of the Dungeon)

   Str:       It affects your strength (+5).
   Stlth:     It makes you more stealthy.
 d - a +0 cloak (worn)
 e - a +0 leather armour (worn)
Jewellery
 i - an amulet of reflection (around neck)
Potions
 c - a potion of curing {unknown}
 h - a potion of flight {unknown}
 k - a potion of haste {unknown}


   Skills:
 + Level 1.7 Fighting
 * Level 2.4 Polearms
 + Level 3.1 Dodging
 + Level 0.2 Shields
 - Level 3.3 Unarmed Combat
 + Level 2.3 Spellcasting
 + Level 3.1 Transmutations


You had 4 spell levels left.
You knew the following spells:

 Your Spells              Type           Power      Damage    Failure   Level
b - Wereblood             Tmut           10%        N/A       12%         2

Your spell library contained the following spells:

 Spells                   Type           Power      Damage    Failure   Level
 Beastly Appendage        Tmut           20%        N/A       8%          1
 Spider Form              Tmut/Pois      5%         N/A       41%         3
 Ice Form                 Ice/Tmut       5%         N/A       83%         4


Dungeon Overview and Level Annotations

Branches:
Dungeon (2/15)

Altars:

Annotations:
D:2 Sigmund


Innate Abilities, Weirdness & Mutations

((You are very nimble when in or above water. (Stealth+, EV+, Speed+++)))
Your lower body shifts to a powerful aquatic tail in water.


Message History

You feel less confused.
Sigmund hits you from afar with a +0 scythe.
You hit Sigmund.
Sigmund is moderately wounded.
Your primal bloodlust is almost over.
You block Sigmund's attack.
You hit Sigmund.
Sigmund is moderately wounded.
Sigmund casts a spell at you. You resist with significant effort.
You hit Sigmund but do no damage.
Sigmund is moderately wounded.
Sigmund closely misses you.
You hit Sigmund but do no damage.
Sigmund is moderately wounded.
Sigmund closely misses you.
You hit Sigmund but do no damage.
Sigmund is moderately wounded.
Your primal bloodlust has ended.
Sigmund closely misses you.
You hit Sigmund but do no damage. Your punch misses Sigmund.
Sigmund is moderately wounded.
Sigmund screams, "I am the angel of ZOT!!!"
You block Sigmund's attack.
You closely miss Sigmund.
Sigmund is moderately wounded.
Sigmund hits you with a +0 scythe!
* * * LOW HITPOINT WARNING * * *
You closely miss Sigmund.
Sigmund is moderately wounded.
You block Sigmund's attack.
You completely miss Sigmund.
Sigmund is moderately wounded.
You hit Sigmund.
Sigmund is heavily wounded.
Sigmund hits you but does no damage.
You hit Sigmund but do no damage.
Sigmund is heavily wounded.
Sigmund hits you with a +0 scythe!
You die...

#.####.####### #..... #.# #.#
#.#### #.# #.# #.# #.# #.# #.#
#.# #.# #### #.# #.# #.# #.. #.#
..####.########.# #.#
................#### #.#
#.####..........@..#########.####
..# #..#######.@..........†.....
### #..# ##..........####...).
#..#####.......###.# ###### #
#..............# #
#######.####........#
..>.........†#.....##
#######.#######....# # #.# ####.#


You could see Sigmund.

Vanquished Creatures
  3 dart slugs
  A bat (D:1)
  An endoplasm (D:2)
  4 goblins
  2 hobgoblins
  3 jackals (D:2)
  2 quokkas (D:1)
  5 ball pythons (D:1)
  3 frilled lizards
  6 kobolds (D:1)
  2 rats
32 creatures vanquished.

Notes
Turn   | Place    | Note
-------+----------+-------------------------------------------
     0 | D:1      | tizbic2 the Merfolk Transmuter began the quest for the Orb.
     0 | D:1      | Reached XP level 1. HP: 15/15 MP: 3/3
   327 | D:1      | Reached XP level 2. HP: 17/21 MP: 3/5
   396 | D:1      | Reached skill level 1 in Polearms
   815 | D:1      | Reached XP level 3. HP: 16/26 MP: 4/6
  1275 | D:2      | Identified a scroll of acquirement
  1275 | D:2      | Acquired the +0 helmet of the Slightly Bent {Str+5 Stlth+}
  1314 | D:2      | Learned a level 2 spell: Wereblood
  1614 | D:2      | Noticed Sigmund
  1646 | D:2      | Slain by Sigmund

Illustrated notes

Levels and vault maps discovered:
D:1:      dpeg_arrival_round_a, layout_basic
D:2:      layout_loops_ring, uniq_sigmund

Skill      XL: |  1  2  3 |
---------------+----------+-----
Polearms       | 1 2 |  2.4
Transmutations | 3 |  3.1
Dodging        | 3 |  3.1
Fighting       | |  1.7
Shields        | |  0.2
Unarmed Combat | |  3.3
Spellcasting   | |  2.3

Action                   || total
-------------------------++-------
Melee: Short sword       ||     6
       Unarmed           ||     5
       Headbutt          ||     9
       Punch             ||     3
       Dagger            ||    91
       Club              ||    30
 Cast: Beastly Appendage ||    14
       Wereblood         ||     3
  Use: Scroll            ||     4
Armor: Leather armour    ||    26
Dodge: Dodged            ||    80
Block: Other             ||    13
